 Dungeon Crawl Stone Soup version 0.20.0-15-g7f486f2 (webtiles) character file.

104 KleinerIrrer the Insei (level 4, -5/36 HPs)
             Began as a Draconian Transmuter on June 25, 2017.
             Slain by an orc priest
             ... wielding a +0 flail
              (7 damage)
             ... on level 2 of the Dungeon.
             The game lasted 00:07:01 (1821 turns).

KleinerIrrer the Insei (Draconian Transmuter)       Turns: 1821, Time: 00:07:02

Health: -5/36      AC:  6    Str: 12    XL:     4   Next: 52%
Magic:  7/7        EV: 12    Int: 13    God:
Gold:   117        SH:  0    Dex: 13    Spells: 6/7 levels left

rFire    . . .     SeeInvis .     - Unarmed
rCold    . . .     Gourm    .   (no shield)
rNeg     . . .     Faith    .   (armour unavailable)
rPois    .         Spirit   .   (helmet restricted)
rElec    .         Reflect  .   (no cloak)
rCorr    .         Harm     .   g - +0 pair of gloves
MR       .....                  (no boots)
Stlth    +.........             (no amulet)
Regen    0.2/turn               (no ring)
MPRegen  0.1/turn               (no ring)

@: appendage (expiring)
A: unfitting armour, horns 2, cold-blooded, AC +5
a: End Transformation


You were on level 2 of the Dungeon.
You were not hungry.
You had grown temporary horns.
You visited 1 branch of the dungeon, and saw 3 of its levels.

You collected 117 gold pieces.

Inventory:

Missiles
 a - 30 arrows
Armour
 g - a +0 pair of gloves (worn)
Wands
 p - a wand of random effects (27/48)
Scrolls
 f - 4 scrolls of identify {unknown}
 k - a scroll of amnesia {unknown}
 l - a scroll of blinking {unknown}
 n - a scroll of teleportation {unknown}
 o - 2 scrolls of remove curse {unknown}
Potions
 e - 2 potions of lignification {unknown}
 h - a potion of ambrosia {unknown}
 j - 2 potions of brilliance {unknown}
 m - 2 potions of haste {unknown}
Books
 b - a book of Changes

   Spells                             Type                      Level
   a - Beastly Appendage              Transmutation                1
   b - Sticks to Snakes               Transmutation                2
   c - Spider Form                    Transmutation/Poison         3
   d - Ice Form                       Ice/Transmutation            4
   e - Blade Hands                    Transmutation                5
Comestibles
 c - 2 bread rations
 i - 2 meat rations


   Skills:
 + Level 2.1 Fighting
 + Level 2.0 Dodging
 + Level 0.4 Stealth
 * Level 3.8 Unarmed Combat
 + Level 2.4 Spellcasting
 * Level 3.1 Transmutations


You had 6 spell levels left.
You knew the following spells:

 Your Spells              Type           Power        Failure   Level  Hunger
a - Beastly Appendage     Tmut           #.....       7%          1    #......


Dungeon Overview and Level Annotations

Branches:
Dungeon (3/15)

Altars:
Ashenzari


Innate Abilities, Weirdness & Mutations

Your plain brown scales are hard. (AC +5)
You cannot fit into any form of body armour.
You are cold-blooded and may be slowed by cold attacks.
You have a pair of horns on your head.


Message History

Your transformation is almost over.
There is a stone staircase leading down, spattered with blood here.
You hit the orc priest but do no damage.
The orc priest hits you with a flail!
You barely miss the orc priest. You tail-slap the orc priest.
The orc priest is lightly wounded.
You hit the orc priest but do no damage.
Your headbutt misses the orc priest.
The orc priest is lightly wounded.
The orc priest mumbles some strange prayers to Beogh against you.
Pain shoots through your body!
You closely miss the orc priest.
The orc priest is lightly wounded.
The orc priest mumbles some strange prayers to Beogh against you.
Pain shoots through your body!
* * * LOW HITPOINT WARNING * * *
You hit the orc priest. Your headbutt misses the orc priest.
The orc priest is moderately wounded.
The orc priest hits you with a flail!
You die...

##### #...#
###########...####
..........'...oo@#
#..########...#### #..#
##### #..# #..# #..# #..#
#..#
...########################


You could see an orc priest and an orc.

Vanquished Creatures
  Ijyb (D:2)
  Terence (D:2)
  2 oozes (D:2)
  A dart slug (D:1)
  3 leopard geckos
  3 orcs (D:2)
  3 goblins
  2 hobgoblins (D:2)
  8 jackals
  3 kobolds (D:1)
  A quokka (D:2)
  A ball python (D:1)
  2 bats (D:1)
  3 frilled lizards
  2 rats (D:1)
36 creatures vanquished.

Notes
Turn   | Place    | Note
-------+----------+-------------------------------------------
     0 | D:1      | KleinerIrrer the Draconian Transmuter began the quest for the Orb.
     0 | D:1      | Reached XP level 1. HP: 16/16 MP: 3/3
   230 | D:1      | Reached XP level 2. HP: 22/23 MP: 3/5
   432 | D:1      | Found a shattered altar of Ashenzari.
   896 | D:2      | Reached XP level 3. HP: 25/28 MP: 4/6
  1081 | D:2      | Noticed Terence
  1102 | D:2      | Killed Terence
  1567 | D:2      | Reached XP level 4. HP: 34/36 MP: 5/7
  1572 | D:3      | Noticed Ijyb
  1615 | D:2      | Killed Ijyb
  1821 | D:2      | Slain by an orc priest

Skill      XL: |  1  2  3  4 |
---------------+-------------+-----
Dodging        | 2 |  2.0
Fighting       | 2 |  2.1
Transmutations | 3 |  3.1
Stealth        | |  0.4
Unarmed Combat | |  3.8
Spellcasting   | |  2.4

Action                   |  1- 3 |  4- 6 || total
-------------------------+-------+-------++-------
Melee: Unarmed           |   119 |    42 ||   161
       Tailslap          |     6 |     5 ||    11
       Headbutt          |     8 |     1 ||     9
       Kick              |     5 |     7 ||    12
       Punch             |     1 |     1 ||     2
 Cast: Beastly Appendage |    20 |     5 ||    25
  Use: Scroll            |     1 |       ||     1
 Stab: Sleeping          |     1 |       ||     1
  Eat: Chunk             |     2 |     2 ||     4
Armor: Skin              |    42 |    13 ||    55
Dodge: Dodged            |    68 |    20 ||    88
